 Dungeon Crawl Stone Soup version 0.18.1-50-g88ac8fd (webtiles) character file.

44 Amnesiac the Cutter (level 3, -13/22 HPs)
             Began as a Deep Elf Fighter on Mar 1, 2018.
             Mangled by an ogre
             ... wielding a +0 giant club
              (16 damage)
             ... on level 4 of the Dungeon.
             The game lasted 00:01:52 (997 turns).

Amnesiac the Cutter (Deep Elf Fighter)               Turns: 997, Time: 00:01:53

Health: -13/22     AC:  6    Str: 14    XL:     3   Next: 41%
Magic:  5/5        EV:  1    Int: 12    God:
Gold:   40         SH:  8    Dex: 14    Spells: 0 memorised, 2 levels left

rFire  . . .     SeeInvis .     b - +0 hunting sling
rCold  . . .     Gourm    .     p - +0 scale mail
rNeg   . . .     Faith    .     c - +0 shield
rPois  .         Spirit   .     (no helmet)
rElec  .         Dismiss  .     (no cloak)
rCorr  .         Reflect  .     (no gloves)
SustAt .         Harm     .     (no boots)
MR     .....                    (no amulet)
Stlth  ..........               (no ring)
                                (no ring)

@: not resistant to hostile enchantments, extremely unstealthy
A: no striking features
a: no special abilities


You were on level 4 of the Dungeon.
You were not hungry.

You visited 1 branch of the dungeon, and saw 4 of its levels.

You collected 40 gold pieces.

Inventory:

Hand Weapons
 a - a +0 rapier
 b - a +0 hunting sling (weapon)
Missiles
 e - 13 sling bullets (quivered)
 g - 55 stones
Armour
 c - a +0 shield (worn)
 i - a +0 buckler
 p - a +0 scale mail (worn)
Wands
 n - a wand of polymorph (11/24)
Scrolls
 k - a scroll of recharging {!r, unknown}
 l - a scroll of enchant weapon {!r, unknown}
 q - a scroll of remove curse {!r, unknown}
 r - a scroll of amnesia {!r, unknown}
Potions
 d - a potion of might {!q}
 h - a potion of curing {!q, unknown}
 j - a potion of brilliance {!q, unknown}
 m - 2 potions of heal wounds {!q, unknown}
 s - a potion of lignification {!q, unknown}
Comestibles
 f - 2 bread rations
 o - 2 fruits


   Skills:
 - Level 2.4 Fighting
 + Level 3.9 Short Blades
 - Level 2.4 Armour
 - Level 2.4 Shields


You had 2 spell levels left.
You didn't know any spells.

Dungeon Overview and Level Annotations

Branches:
Dungeon (4/15)
 Temple: D:4-7

Altars:
Fedhas
Gozag
Makhleb
Okawaru
Qazlal
Ru


Message History

No target in view!
No target in view!
e - 18 sling bullets (gained 1) HP restored.
There is a stone staircase leading down here.
You climb downwards.
A giant newt comes into view.
Found 13 stones, a bread ration and a glowing large shield.
There is a stone staircase leading up here.
Firing (i - inventory. (,) - cycle):
e - 18 sling bullets (quivered)
Press: ? - help, Shift-Dir - straight line, f - giant newt
Aim: a giant newt You shoot a sling bullet.
The sling bullet hits the giant newt.
You kill the giant newt!
An ogre comes into view. It is wielding a giant club.
The ogre moves out of view.
Found an opulent altar of Gozag.
Found an escape hatch in the ceiling.
e - 18 sling bullets (gained 1) Firing (i - inventory. (,) - cycle):
e - 18 sling bullets (quivered)
Press: ? - help, Shift-Dir - straight line, f - ogre
Aim: an ogre, wielding a giant club You shoot a sling bullet.
The sling bullet hits the ogre!
The ogre is moderately wounded.
Firing (i - inventory. (,) - cycle):
e - 17 sling bullets (quivered)
Press: ? - help, Shift-Dir - straight line, f/p - ogre
Aim: an ogre, wielding a giant club (moderately wounded)
You shoot a sling bullet. The sling bullet hits the ogre.
The ogre is heavily wounded.
Firing (i - inventory. (,) - cycle):
e - 16 sling bullets (quivered)
Press: ? - help, Shift-Dir - straight line, f/p - ogre
Aim: an ogre, wielding a giant club (heavily wounded)
You shoot a sling bullet.
The sling bullet hits the ogre but does no damage.
The ogre is heavily wounded.
Unknown command.
There is a stone staircase leading up here.
Firing (i - inventory. (,) - cycle):
e - 15 sling bullets (quivered)
Press: ? - help, Shift-Dir - straight line, f/p - ogre
Aim: an ogre, wielding a giant club (heavily wounded)
You shoot a sling bullet. The sling bullet hits the ogre.
The ogre is severely wounded.
You block the ogre's attack.
Firing (i - inventory. (,) - cycle):
e - 14 sling bullets (quivered)
Press: ? - help, Shift-Dir - straight line, f/p - ogre
Aim: an ogre, wielding a giant club (severely wounded)
You shoot a sling bullet. The sling bullet hits the ogre.
The ogre is severely wounded.
The ogre hits you with a giant club!!
Ouch! That really hurt!
* * * LOW HITPOINT WARNING * * *
You see here a sling bullet.
You see here a sling bullet.
An orc comes into view. It is wielding a flail.
The orc shouts!
An orc wizard comes into view. It is wielding an enchanted dagger.
An orc comes into view.
The orc shouts!
An orc comes into view.
The orc shouts!
An orc comes into view. It is wielding a whip.
There is a stone staircase leading up here.
The ogre hits you with a giant club!
Ouch! That really hurt!
You die...

....#...........#
.o...[..........###
o................#
.o.#......<...#
##.#...((.....#
###.o..#.##.#.###
#...........#.##
##...oo.........#
#....@O.........##
##.................#
#......(......_.#.....
###...............#..... .
#.................#.....
....##(##.............##.....
.........(.#..........## ...
.....#####.############ ....
#...


You could see an ogre and 4 orcs.

Vanquished Creatures
  A hound skeleton (D:3)
  An adder (D:3)
  A giant gecko (D:1)
  3 goblins
  4 hobgoblins
  2 quokkas
  A ball python (D:3)
  2 giant newts
  4 kobolds
  A rat (D:1)
20 creatures vanquished.

Notes
Turn   | Place    | Note
--------------------------------------------------------------
     0 | D:1      | Amnesiac the Deep Elf Fighter began the quest for the Orb.
     0 | D:1      | Reached XP level 1. HP: 13/13 MP: 3/3
   119 | D:1      | Reached XP level 2. HP: 17/18 MP: 4/4
   253 | D:2      | Found a burning altar of Makhleb.
   253 | D:2      | Found an iron altar of Okawaru.
   256 | D:2      | Found a sacrificial altar of Ru.
   321 | D:2      | Reached skill level 3 in Short Blades
   565 | D:3      | Reached XP level 3. HP: 22/22 MP: 5/5
   616 | D:3      | Found a blossoming altar of Fedhas.
   892 | D:3      | Found a stormy altar of Qazlal.
   950 | D:4      | Found an opulent altar of Gozag.
   950 | D:4      | Noticed an ogre
   967 | D:4      | HP: 1/22 [ogre/giant club (21)]
   997 | D:4      | Mangled by an ogre

Skill      XL: |  1  2 |
---------------+-------+-----
Short Blades   | 3 |  3.9
Fighting       | |  2.4
Armour         | |  2.4
Shields        | |  2.4

Action                   || total
-------------------------++-------
Melee: Rapier            ||    75
 Fire: Hunting sling     ||    13
Armor: Scale mail        ||    31
Dodge: Dodged            ||    17
Block: Shield            ||    30
